 Dungeon Crawl Stone Soup version 0.27-a0-1590-g15f69828bf (webtiles) character file.

Game seed: 6005244474403958918

3 Sabo the Chopper (level 1, 16/16 HPs)
             Began as a Demonspawn Gladiator on July 18, 2021.
             Was a Follower of Vehumet.
             Got out of the dungeon alive.
             The game lasted 00:03:09 (481 turns).

Sabo the Chopper (Demonspawn Gladiator)              Turns: 481, Time: 00:03:10

Health: 16/16      AC:  4    Str: 14    XL:     1   Next: 41%
Magic:  1/1        EV: 12    Int:  9    God:    Vehumet [*.....]
Gold:   11         SH:  0    Dex: 14    Spells: 0/0 levels left

rFire    . . .     SeeInvis .   a - +0 war axe
rCold    . . .     Faith    .   (no shield)
rNeg     . . .     Spirit   .   b - +0 leather armour
rPois    .         Reflect  .   c - +0 helmet
rElec    .         Harm     .   (no cloak)
rCorr    .         Rampage  .   (no gloves)
Will     .....                  (no boots)
Stlth    +.........             (no amulet)
HPRegen  0.05/turn              (no ring)
MPRegen  0.07/turn              (no ring)

@: no status effects
A: no striking features
a: Renounce Religion


You escaped.
You worshipped Vehumet.
Vehumet was aware of your devotion.
You visited 1 branch of the dungeon, and saw 1 of its levels.

You collected 11 gold pieces.

Inventory:

Hand Weapons
 a - a +0 war axe (weapon)
Missiles
 d - 3 throwing nets (quivered)
Armour
 b - a +0 leather armour (worn)
 c - a +0 helmet (worn)
Scrolls
 e - a scroll of identify {unknown}
Potions
 f - a potion of curing {unknown}


   Skills:
 + Level 2.0 Fighting
 + Level 2.8 Axes
 + Level 1.7 Throwing
 + Level 2.7 Dodging


You couldn't memorise any spells.
You didn't know any spells.
Your spell library was empty.

Dungeon Overview and Level Annotations

Branches:
Dungeon (1/15)

Altars:
Vehumet


Message History

a +0 dagger; a goblin corpse
Things that are here:
a +0 dagger; a goblin corpse
Found a stone staircase leading down.
There is a stone staircase leading down here.
Found a scroll labelled UFAJOG OKHO.
Found a glowing red potion.
Found 11 gold pieces.
Found 9 gold pieces.
Found a faded altar of an unknown god.
e - a scroll labelled UFAJOG OKHO
f - a glowing red potion You now have 11 gold pieces.
There is a faded altar of an unknown god here.
You cannot tell which god this altar belongs to.
Convert to them anyway?
Vehumet accepts your prayer! Vehumet welcomes you!
You can now gain magical power from killing.
Vehumet offers you knowledge of Shock.
There is a stone staircase leading down here.
Things that are here:
a +0 dagger; a goblin corpse You see here a ball python corpse.
You enter the shallow water.
Moving in this stuff is going to be slow.
Number of times to repeat, then command key: You must enter the number of times for the command to repeat.
You hit the plant.
The plant begins to die.
The plant is lightly damaged.
You hit the plant.
The plant begins to die.
You slash the plant!
The plant is lightly damaged.
You hit the plant. You hit the plant but do no damage.
The plant is lightly damaged.
You slash the plant!
A nearby plant withers and dies.
A nearby plant withers and dies.
There is a staircase leading out of the dungeon here.
You can't go down here!
Are you sure you want to leave the Dungeon?
This will make you lose the game!
You have escaped!

.♣♣♣.♣♣ ♣♣♣.♣ ♣♣
♣♣.♣♣♣ ♣.♣ ♣
♣♣..♣♣♣ ♣♣.♣ ♣♣♣..♣
♣..♣ ♣♣.♣ ♣♣.♣♣
♣♣.♣♣ ♣♣..♣♣ ♣♣
♣.♣♣ ♣.♣..♣♣♣ ≈♣
♣♣.♣♣ ♣......♣ ≈≈≈♣
♣.♣.♣♣♣♣♣..@..♣♣
≈≈≈♣♣♣....♣......♣♣
♣ ♣♣♣P♣..♣♣♣♣♣♣
♣♣♣♣♣♣


There were no monsters in sight!

Vanquished Creatures
  A bat (D:1)
  A ball python (D:1)
  A goblin (D:1)
  A rat (D:1)
4 creatures vanquished.

Vanquished Creatures (others)
  2 plants (D:1)
2 creatures vanquished.

Grand Total: 6 creatures vanquished

Notes
Turn   | Place    | Note
-------+----------+-------------------------------------------
     0 | D:1      | Sabo the Demonspawn Gladiator began the quest for the Orb.
     0 | D:1      | Reached XP level 1. HP: 16/16 MP: 1/1
   304 | D:1      | Found a faded altar of an unknown god.
   324 | D:1      | Became a worshipper of Vehumet
   324 | D:1      | Reached * piety under Vehumet
   324 | D:1      | Offered knowledge of Shock by Vehumet.
   481 | D:$      | Got out of the dungeon alive.

Illustrated notes

Levels and vault maps discovered:
D:1:      kilobyte_arrival_exit_the_forest, layout_basic, serial_shops,
          shop_fountains, hellmonk_ecumenical_altar_lost_god

Action                   || total
-------------------------++-------
Melee: War axe           ||    10
Armor: Leather armour    ||     4
Dodge: Dodged            ||     8

Table legend: (Time is in decaauts)
 A = Elapsed time spent in this place.
 B = Non-inter-level travel time spent in this place.
 C = Inter-level travel time spent in this place.
 D = Time resting spent in this place.
 E = Time spent auto-exploring this place.
 F = Levels seen in this place.
 G = Mean time per level.
                   A        B        C        D        E       F      G
               +--------+--------+--------+--------+--------+-----+--------+
         Total |    489 |    489 |      0 |     10 |      0 |   1 |  489.0 |
       Dungeon |    489 |    489 |      0 |     10 |      0 |   1 |  489.0 |
               +--------+--------+--------+--------+--------+-----+--------+

Top non-repeatable levels by time:
     D:1: 489 daAuts
